 Dungeon Crawl Stone Soup version 0.31-a0-229-g1fc7ce93e2 (webtiles) character file.

Game seed: 3359094750541243195

92 qw the Shooter (level 4, -4/36 HPs)
             Began as a Minotaur Hexslinger on July 6, 2023.
             Succumbed to a water moccasin's poison
             ... in a sewer.
             The game lasted 00:00:44 (2101 turns).

qw the Shooter (Minotaur Hexslinger)                Turns: 2101, Time: 00:00:45

Health: -4/36      AC:  5    Str: 13    XL:     4   Next: 35%
Magic:  4/4        EV: 11    Int: 10    God:
Gold:   170        SH:  0    Dex: 14    Spells: 4/5 levels left

rFire   . . .        d - +5 arbalest (heavy)
rCold   + . .        (shield currently unavailable)
rNeg    . . .        e - +0 ring mail
rPois   .            (helmet restricted)
rElec   .            (no cloak)
rCorr   .            (no gloves)
SInv    .            (no boots)
Will    .....        (no amulet)
Stlth   +            k - ring of protection from cold
HPRegen 0.26/turn    (no ring)
MPRegen 0.09/turn

%: no passive effects
@: lethally poisoned (-4 -> -16)
A: horns 2, retaliatory headbutt
a: no special abilities


You were in a sewer.
You visited 1 branch of the dungeon, and saw 3 of its levels.
You also visited: Sewer.

You collected 170 gold pieces.


Innate Abilities, Weirdness & Mutations

You have a pair of horns on your head.
You reflexively headbutt those who attack you in melee.


   Skills:
 - Level 2.0 Fighting
 - Level 4.9 Ranged Weapons
 + Level 0.2 Armour
 - Level 2.1 Dodging
 - Level 1.0 Spellcasting
 - Level 2.0 Hexes


You had 4 spell levels left.
You knew the following spells:

 Your Spells              Type           Power      Damage    Failure   Level
a - Slow                  Hex            16%        N/A       32%         1

Your spell library contained the following spells:

 Spells                   Type           Power      Damage    Failure   Level
 Inner Flame              Hex/Fire       2%         N/A       82%         3
 Portal Projectile        Hex/Tloc       4%         N/A       82%         3
 Cause Fear               Hex            2%         N/A       97%         4

Inventory:

Hand Weapons
 d - a +5 heavy arbalest (weapon)
Armour
 e - a +0 ring mail (worn)
Jewellery
 k - a ring of protection from cold (left hand)
Scrolls
 a - a scroll of identify
 b - a scroll of fog {unknown}
Potions
 g - a potion of ambrosia {unknown}

Dungeon Overview and Level Annotations

Branches:
Dungeon (3/15)              Sewer (1/1)

Altars:
Dithmenos
Okawaru


Message History

The water moccasin poisons you! The water moccasin bites you.
You are more poisoned.
The water moccasin poisons you!
You shoot a bolt.
The bolt barely misses the water moccasin.
You feel extremely sick.
The water moccasin bites you but does no damage.
The water moccasin barely misses you. The water moccasin bites you.
You are lethally poisoned!
The water moccasin poisons you! The water moccasin barely misses you.
You shoot a bolt. The bolt hits the water moccasin!
The water moccasin is severely wounded.
You feel extremely sick. The water moccasin bites you.
You are more poisoned.
The water moccasin poisons you!
The water moccasin bites you but does no damage.
The water moccasin barely misses you.
The water moccasin completely misses you.
2098 ||| DRINKING potion of heal wounds.
You feel much better.
You feel very sick. The water moccasin closely misses you.
You furiously retaliate!
You headbutt the water moccasin. You shoot a bolt.
The bolt closely misses the water moccasin.
You feel extremely sick.
The water moccasin bites you but does no damage.
The water moccasin bites you.
You are lethally poisoned!
The water moccasin poisons you! The water moccasin barely misses you.
The water moccasin bites you but does no damage.
You shoot a bolt.
The bolt barely misses the water moccasin.
You feel extremely sick.
The water moccasin completely misses you.
The water moccasin misses you. The water moccasin barely misses you.
You shoot a bolt. The bolt hits the water moccasin!!
You kill the water moccasin!
You die...

# #### # ..~.## ##
[ ## .....### #.
(.##. #~~...### #.
##~~.. #.~.~.###~
..~.~~# ##.~.....~
#.~~~~###
###~~...###.
#..%@~####~.~~.###
#.
###.......~..###
#. ###....~.### ##
######## # # # #


There were no monsters in sight!

Vanquished Creatures
  A water moccasin (Sewer)
  An adder (D:2)
  4 worms
  A dart slug (D:1)
  9 orcs (D:3)
  6 ball pythons
  4 endoplasms
  5 giant cockroaches
  A goblin (D:1)
  5 hobgoblins
  2 jackals (Sewer)
  2 quokkas (D:1)
  7 bats
  4 frilled lizards
  3 kobolds
  2 rats (D:1)
57 creatures vanquished.

Notes
Turn   | Place    | Note
-------+----------+-------------------------------------------
     0 | D:1      | qw the Minotaur Hexslinger began the quest for the Orb.
     0 | D:1      | Reached XP level 1. HP: 16/16 MP: 1/1
     0 | D:1      | 0 ||| qw: Version: 0.3-a-46-gb1f654a
     0 | D:1      | 0 ||| qw: Game counter: 1257
     0 | D:1      | 0 ||| qw: Melee chars always use a shield: true
     0 | D:1      | 0 ||| qw: God list: Okawaru
     0 | D:1      | 0 ||| qw: Allow faded altars: false
     0 | D:1      | 0 ||| qw: Do Orc after clearing Dungeon:15 true
     0 | D:1      | 0 ||| qw: Do second Lair branch before Depths: true
     0 | D:1      | 0 ||| qw: Lair rune preference: random
     0 | D:1      | 0 ||| qw: Goals: Normal
     0 | D:1      | 0 ||| PLANNING D:1-11
   123 | D:1      | Reached skill level 3 in Ranged Weapons
   124 | D:1      | Reached XP level 2. HP: 23/23 MP: 2/2
   872 | D:1      | 872 ||| UPGRADING to ring of protection from cold.
   873 | D:1      | 873 ||| READING 3 scrolls labelled ALOHIST MEOPRU.
   874 | D:1      | 874 ||| READING scroll labelled JEIV DUGYWK.
   875 | D:1      | 875 ||| READING scroll labelled OSIFUUF TAFU.
   876 | D:1      | 876 ||| READING scroll labelled CAPLAMMEASS.
   877 | D:1      | 877 ||| READING scroll labelled XEIXEHAASCH.
   877 | D:1      | Identified a scroll of acquirement
   877 | D:1      | 877 ||| ACQUIRING +5 heavy arbalest
   877 | D:1      | Acquired a +5 heavy arbalest
   879 | D:1      | 879 ||| SWAPPING to +5 heavy arbalest.
   880 | D:1      | 880 ||| DROPPING +1 sling.
   881 | D:1      | 881 ||| READING 2 scrolls of identify.
   881 | D:1      | 881 ||| IDENTIFYING orange potion
   882 | D:1      | 882 ||| DROPPING scroll of poison.
   883 | D:1      | 883 ||| DROPPING potion of lignification.
   925 | D:2      | Reached XP level 3. HP: 29/29 MP: 3/3
  1012 | D:2      | Reached skill level 4 in Ranged Weapons
  1538 | D:2      | Found a faded altar of an unknown god.
  1541 | D:2      | 1541 ||| READING scroll labelled KIAM BELOCIRR.
  1545 | D:2      | 1545 ||| READING scroll labelled HUMEOR NANOWA.
  1546 | D:2      | 1546 ||| READING 4 scrolls of identify.
  1546 | D:2      | 1546 ||| IDENTIFYING fizzy grey potion
  1547 | D:2      | 1547 ||| READING 3 scrolls of identify.
  1547 | D:2      | 1547 ||| IDENTIFYING smoky silvery potion
  1548 | D:2      | 1548 ||| READING 2 scrolls of identify.
  1548 | D:2      | 1548 ||| IDENTIFYING viscous cyan potion
  1549 | D:2      | 1549 ||| DROPPING potion of magic.
  1550 | D:2      | 1550 ||| DROPPING potion of degeneration.
  1587 | D:3      | 1587 ||| PLANNING SEWER
  1645 | D:3      | HP: 6/29 [orc/+0 whip (2)]
  1646 | D:3      | 1646 ||| READING scroll of teleportation.
  1646 | D:3      | HP: 2/29 [orc/+1 dagger of distortion (3)]
  1647 | D:3      | 1647 ||| DRINKING potion of heal wounds.
  1649 | D:3      | Reached XP level 4. HP: 34/36 MP: 4/4
  1689 | D:3      | Found an iron altar of Okawaru.
  1866 | D:3      | Found a shadowy altar of Dithmenos.
  2006 | D:3      | Found a glowing drain.
  2007 | D:3      | 2007 ||| UPGRADING to +0 leather armour.
  2017 | D:3      | 2017 ||| DROPPING +0 robe.
  2018 | D:3      | 2018 ||| UPGRADING to +0 ring mail.
  2028 | D:3      | 2028 ||| DROPPING +0 leather armour.
  2029 | D:3      | 2029 ||| READING scroll labelled SIKHLU AFRANYH.
  2039 | Sewer    | Entered a sewer
  2044 | Sewer    | 2044 ||| Stepping ~*~*~tactically~*~*~ (water).
  2093 | Sewer    | Noticed a water moccasin
  2097 | Sewer    | HP: 4/36 [poisoned by a water moccasin]
  2098 | Sewer    | 2098 ||| DRINKING potion of heal wounds.
  2101 | Sewer    | Killed a water moccasin
  2101 | Sewer    | Succumbed to a water moccasin's poison

Levels and vault maps discovered:
D:1:      dpeg_arrival_rooms_c, layout_basic, serial_forest,
          infiniplex_forest_join, infiniplex_forest_lined_ring,
          infiniplex_forest_end_2, infiniplex_forest_join,
          infiniplex_forest_lined_corner, infiniplex_forest_lined_room_2,
          infiniplex_forest_fountain
D:2:      layout_loops_ring, dilly_ecumenical_altar_fadedgnrine,
          kennysheep_path_1
D:3:      layout_basic, okawaru_gym_becter, tso_oasis_becter,
          grunt_dithmenos_smoke_and_mirrors, fedhas_altar_4,
          cheibrodos_sewer_entry_drain, chequers_serial_rivers_micro_d
Sewer:    sewer_the_moccasin

Skill      XL: |  1  2  3 |
---------------+----------+-----
Ranged Weapons | 3 4 |  4.9
Fighting       | 2 |  2.0
Armour         | |  0.2
Dodging        | |  2.1
Spellcasting   | |  1.0
Hexes          | |  2.0

Action                     |  1- 3 |  4- 6 || total
---------------------------+-------+-------++-------
   Fire: Sling             |    53 |       ||    53
         Arbalest          |    40 |    32 ||    72
    Use: Scroll            |    12 |     1 ||    13
         Potion            |     1 |     1 ||     2
 Armour: Robe              |     9 |     1 ||    10
         Ring mail         |       |     5 ||     5
  Dodge: Dodged            |    30 |    17 ||    47

Table legend:
 A = Non-vault XP
 B = Vault XP
 C = Vault XP percentage of total XP
 D = Non-vault monster count
 E = Vault monster count
 F = Vault count percentage of total count
                 A         B        C        D         E       F
            +---------+---------+-------+---------+---------+-------
      Total |     121 |     156 |  56.3 |      52 |       5 |   8.8
            +---------+---------+-------+---------+---------+-------
        D:1 |      39 |       0 |   0.0 |      22 |       0 |   0.0
        D:2 |      41 |       0 |   0.0 |      15 |       0 |   0.0
        D:3 |      41 |       7 |  14.6 |      15 |       2 |  11.8
      Sewer |       0 |     149 | 100.0 |       0 |       3 | 100.0
            +---------+---------+-------+---------+---------+-------
